 Dungeon Crawl Stone Soup version 0.31-a0-36-g603a1083af (webtiles) character file.

Game seed: 8170521755690628973

738726 Bennjico the Conqueror (level 27, -8/409 HPs)
             Began as a Minotaur Fighter on May 14, 2023.
             Was the Champion of Okawaru.
             Mangled by a dread lich (11 damage)
             ... on level 5 of the Realm of Zot.
             The game lasted 02:21:22 (99973 turns).

Bennjico the Conqueror (Minotaur Fighter)          Turns: 99973, Time: 02:21:23

Health: -8/409     AC: 39    Str: 32    XL:     27
Magic:  5/48       EV: 25    Int:  5    God:    Okawaru [******]
Gold:   7133       SH: 14    Dex: 15    Spells: 42/42 levels left

rFire   + + +        F - +9 broad axe (elec)
rCold   + . .        q - +3 warlock's mirror {omnireflect}
rNeg    . . .        U - +4 crystal plate armour of Okawaru's Reproof {Will+ MP+9}
rPois   .            X - +0 hat "Ycyoser" {Rampage MP+9}
rElec   .            W - +0 cloak "Hadiz" {rF+ Will++ Regen+ Dex+2}
rCorr   .            E - +3 Mad Mage's Maulers {Infuse+∞ VampMP -Cast}
SInv    .            I - +0 pair of boots of the Maze {rF+ Regen+}
Will    +++++        l - amulet "Quogysop" {Acrobat rC+} Stlth
                     n - +5 ring of evasion
HPRegen 2.48/turn    v - +4 ring of slaying
MPRegen 0.31/turn

%: no spellcasting, reflection, acrobat, rampage, infuse magic (5 MP)
@: berserking, studying 2 skills, unable to read, very quick
A: horns 2, retaliatory headbutt, hooves 1, iridescent scales 1, deformed body,
fire resistance 1, low MP 1, inability to read after injury 2
}: 5/15 runes: decaying, slimy, silver, abyssal, gossamer
a: Renounce Religion, Heroism, Finesse, Duel


You were on level 5 of the Realm of Zot.
You worshipped Okawaru.
Okawaru was exalted by your worship.
You visited 12 branches of the dungeon, and saw 56 of its levels.
You visited the Abyss 2 times.
You visited 1 ziggurat, and saw 12 of its levels.
You also visited: Ossuary, Bailey and Gauntlet.

You collected 12112 gold pieces.
You spent 4979 gold pieces at shops.

Inventory:

Hand Weapons
 F - a +9 broad axe of electrocution (weapon)
 Y - a +4 broad axe of protection
Missiles
 e - 7 throwing nets (quivered)
Armour
 c - the +1 pair of boots "Qodet" {Fly rElec Int-2 Stlth+}
   (You found it on level 3 of the Crypt)

   Int:       It affects your intelligence (-2).
   rElec:     It insulates you from electricity.
   Fly:       It grants you flight.
   Stlth:     It makes you more stealthy.
 o - the +10 plate armour of Darkness {Will+}
   (Okawaru gifted it to you on level 3 of the Elven Halls)

   Will:      It increases your willpower.
 q - the +3 warlock's mirror (worn) {omnireflect}
   (You acquired it on level 3 of the Dungeon)

   Omnireflect: It can block and reflect piercing ranged attacks and magical
   attacks against the wielder's willpower.
 y - the +1 chain mail of the World {rN++ Str+3 Int+4}
   (You found it on level 6 of the Dungeon)

   Str:       It affects your strength (+3).
   Int:       It affects your intelligence (+4).
   rN:        It greatly protects you from negative energy.
 D - the +0 pair of fencer's gloves {Riposte Dex+3}
   (Okawaru gifted it to you on level 4 of the Vaults)

   Riposte:   It allows the wearer to riposte with melee weapons, swiftly
   retaliating against missed or blocked melee attacks.
   Dex:       It affects your dexterity (+3).
 E - the +3 Mad Mage's Maulers (worn) {Infuse+∞ VampMP -Cast}
   (You bought it in a shop on level 9 of the Dungeon)

   Infuse+∞: It empowers its wearer's blows with all of their magic.
   VampMP:    Blows struck in melee replenish the wearer's magic.
   -Cast:     It prevents spellcasting.
 H - the +7 buckler "Nikarhan" {rElec rCorr Dex+7}
   (You took it off an orc warrior in a bailey)

   Dex:       It affects your dexterity (+7).
   rElec:     It insulates you from electricity.
   rCorr:     It protects you from acid and corrosion.
 I - the +0 pair of boots of the Maze (worn) {rF+ Regen+}
   (Okawaru gifted it to you on level 14 of the Dungeon)

   rF:        It protects you from fire.
   Regen:     It increases your rate of health regeneration.
 U - the +4 crystal plate armour of Okawaru's Reproof (worn) {Will+ MP+9}
   (Okawaru gifted it to you on level 2 of the Elven Halls)

   MP:        It affects your magic capacity (+9).
   Will:      It increases your willpower.
 W - the +0 cloak "Hadiz" (worn) {rF+ Will++ Regen+ Dex+2}
   (Okawaru gifted it to you on level 2 of the Spider Nest)

   Dex:       It affects your dexterity (+2).
   rF:        It protects you from fire.
   Regen:     It increases your rate of health regeneration.
   Will:      It greatly increases your willpower.
 X - the +0 hat "Ycyoser" (worn) {Rampage MP+9}
   (You found it on level 4 of the Spider Nest)

   MP:        It affects your magic capacity (+9).
   Rampage:   It bestows one free step when moving towards enemies.
Jewellery
 l - the amulet "Quogysop" (around neck) {Acrobat rC+}
   (You found it on level 12 of a ziggurat)

   [amulet of the acrobat]

   It increases your evasion while moving and waiting.
   rC:        It protects you from cold.
 n - a +5 ring of evasion (left hand)
 v - a +4 ring of slaying (right hand)
 x - the ring of Labi Lerr {Slay+2 SInv}
   (You found it on level 9 of a ziggurat)

   [ring of see invisible]

   Slay:      It affects your accuracy & damage with ranged weapons and melee
   (+2).
   SInv:      It lets you see invisible.
 J - a ring of see invisible
 M - the ring of Cunafuti {Fly rElec Will+ Dex+6}
   (You found it on level 11 of a ziggurat)

   [ring of dexterity]

   Dex:       It affects your dexterity (+6).
   rElec:     It insulates you from electricity.
   Fly:       It grants you flight.
   Will:      It increases your willpower.
Wands
 z - a wand of iceblast (36)
 A - a wand of light (11)
 Z - a wand of digging (25)
Scrolls
 b - 29 scrolls of teleportation
 i - 4 scrolls of silence
 r - 2 scrolls of enchant weapon
 t - 7 scrolls of magic mapping
 B - 8 scrolls of fear
 K - a scroll of immolation
 O - 12 scrolls of enchant armour
 Q - 14 scrolls of fog
Potions
 a - 10 potions of haste
 d - 8 potions of might
 f - 13 potions of attraction
 g - 5 potions of magic
 h - 14 potions of curing
 j - a potion of heal wounds
 k - 10 potions of flight
 p - 9 potions of cancellation
 w - 4 potions of ambrosia
 G - 21 potions of mutation
 L - 3 potions of berserk rage
 N - 2 potions of resistance
Miscellaneous
 T - a condenser vane


   Skills:
 O Level 27 Fighting
 O Level 27 Axes
 O Level 27 Armour
 O Level 27 Dodging
 O Level 27 Shields
 + Level 8.3 Spellcasting


You had 42 spell levels left.
You didn't know any spells.
Your spell library contained the following spells:

 Spells                   Type           Power      Damage    Failure   Level
 Beastly Appendage        Tmut           4%         N/A       71%         1
 Freeze                   Ice            8%         1d3       71%         1
 Kiss of Death            Conj/Necr      8%         2d6       71%         1
 Magic Dart               Conj           8%         1d3       71%         1
 Necrotise                Necr           8%         1d4       71%         1
 Sandblast                Erth           4%         2d4       71%         1
 Shock                    Conj/Air       8%         1d3       71%         1
 Slow                     Hex            8%         N/A       71%         1
 Cigotuvi's Dreadful Rot  Necr/Pois/Air  4%         N/A       85%         2
 Ensorcelled Hibernation  Hex/Ice        4%         N/A       85%         2
 Passwall                 Tmut/Erth      1%         N/A       85%         2
 Scorch                   Fire           4%         2d5       85%         2
 Searing Ray              Conj           4%         2d4       85%         2
 Static Discharge         Conj/Air       4%         2-3/arc   85%         2
 Wereblood                Tmut           2%         N/A       85%         2
 Confusing Touch          Hex            2%         N/A       97%         3
 Dazzling Flash           Conj/Hex       4%         N/A       97%         3
 Frozen Ramparts          Ice            4%         1d1       97%         3
 Hailstorm                Conj/Ice       2%         3d3       97%         3
 Ignite Poison            Fire/Tmut/Pois 2%         N/A       97%         3
 Inner Flame              Hex/Fire       2%         N/A       97%         3
 Mephitic Cloud           Conj/Pois/Air  2%         N/A       97%         3
 Ozocubu's Armour         Ice            2%         N/A       97%         3
 Portal Projectile        Hex/Tloc       4%         N/A       97%         3
 Spider Form              Tmut/Pois      2%         N/A       97%         3
 Stone Arrow              Conj/Erth      4%         3d7       97%         3
 Swiftness                Air            2%         N/A       97%         3
 Vampiric Draining        Necr           2%         2d6       97%         3
 Vhi's Electric Charge    Tloc/Air       4%         N/A       97%         3
 Volatile Blastmotes      Fire/Tloc      4%         2d10      97%         3
 Airstrike                Air            1%         2d(1-17)  100%        4
 Anguish                  Hex/Necr       1%         N/A       100%        4
 Cause Fear               Hex            1%         N/A       100%        4
 Dispel Undead            Necr           2%         3d7       100%        4
 Flame Wave               Conj/Fire      2%         2d4       100%        4
 Fulminant Prism          Conj/Hex       1%         3d5       100%        4
 Iskenderun's Mystic Bla  Conj/Tloc      2%         2d3       100%        4
 Leda's Liquefaction      Hex/Erth       1%         N/A       100%        4
 Olgreb's Toxic Radiance  Pois           2%         N/A       100%        4
 Sticky Flame             Conj/Fire      2%         2d3       100%        4
 Alistair's Intoxication  Tmut/Pois      1%         N/A       100%        5
 Arcjolt                  Conj/Air       1%         1d11      100%        5
 Blade Hands              Tmut           1%         N/A       100%        5
 Borgnjor's Vile Clutch   Necr/Erth      1%         N/A       100%        5
 Freezing Cloud           Conj/Ice/Air   1%         6-21      100%        5
 Irradiate                Conj/Tmut      1%         3d12      100%        5
 Iskenderun's Battlesphe  Conj           2%         2d6       100%        5
 Silence                  Hex/Air        1%         N/A       100%        5
 Yara's Violent Unravell  Hex/Tmut       1%         3d3       100%        5
 Conjure Ball Lightning   Conj/Air       1%         3x3d6     100%        6
 Eringya's Noxious Bog    Tmut/Pois      1%         N/A       100%        6
 Iron Shot                Conj/Erth      1%         9d1       100%        6
 Plasma Beam              Fire/Air       1%         2x1d12    100%        6
 Starburst                Conj/Fire      1%         6d3       100%        6
 Dragon Form              Tmut           1%         N/A       100%        7
 Enfeeble                 Hex            1%         N/A       100%        7
 Orb of Destruction       Conj           1%         9d5       100%        7
 Ozocubu's Refrigeration  Ice            1%         4d7       100%        7
 Storm Form               Tmut/Air       1%         N/A       100%        7
 Borgnjor's Revivificati  Necr           1%         N/A       100%        8
 Discord                  Hex            1%         N/A       100%        8
 Disjunction              Tloc           1%         N/A       100%        8
 Ignition                 Fire           1%         3d3       100%        8
 Lehudib's Crystal Spear  Conj/Erth      1%         10d2      100%        8
 Maxwell's Capacitive Co  Air            1%         ∞         100%        8
 Chain Lightning          Conj/Air       1%         3d1       100%        9
 Fire Storm               Conj/Fire      1%         7d1       100%        9
 Shatter                  Erth           1%         3d5*      100%        9
 Call Canine Familiar     Summ           Unusable   N/A       N/A         3
 Summon Guardian Golem    Hex/Summ       Unusable   N/A       N/A         3
 Tukima's Dance           Hex            Unusable   N/A       N/A         3
 Animate Armour           Summ/Erth      Unusable   N/A       N/A         4
 Animate Dead             Necr           Unusable   N/A       N/A         4
 Summon Ice Beast         Ice/Summ       Unusable   N/A       N/A         4
 Summon Lightning Spire   Summ/Air       Unusable   N/A       N/A         4
 Death Channel            Necr           Unusable   N/A       N/A         6
 Summon Cactus Giant      Summ           Unusable   N/A       N/A         6
 Spellforged Servitor     Conj/Summ      Unusable   N/A       N/A         7
 Infestation              Necr           Unusable   N/A       N/A         8

Dungeon Overview and Level Annotations

Branches:
Dungeon (15/15)            Temple (1/1) D:5            Lair (5/5) D:9
  Swamp (4/4) Lair:2       Spider (4/4) Lair:2        Slime (5/5) Lair:4
    Orc (2/2) D:12            Elf (3/3) Orc:2        Vaults (5/5) D:13
  Crypt (3/3) Vaults:3       Tomb (0/3) Crypt:3      Depths (4/4) D:15
    Zot (5/5) Depths:4    Ossuary (visited)          Bailey (visited)
Gauntlet (visited)

Altars:
Ashenzari
Cheibriados
Dithmenos
Elyvilon
Fedhas
Hepliaklqana
Kikubaaqudgha
Makhleb
Nemelex Xobeh
Okawaru
Qazlal
Ru
Sif Muna
Trog
Uskayaw
Wu Jian
Xom
Yredelemnul
Zin
The Shining One
Jiyva

Shops:
D:9 [*=   D:14 :   D:15 (::!   Orc:2 :[!!   Elf:1 =   Elf:2 (   Vaults:3 (**(
Vaults:4 :   Depths:2 *   Depths:4 *

Portals:
Hell: Lair:5 Depths:1 Depths:2 Depths:3 Depths:4
Abyss: Depths:3
Pandemonium: Depths:2
Trove: Elf:3 (give 14 scrolls of teleportation)

Annotations:
D:7 2 transporters, hattey's ghost, novice HuWn
Orc:1 1 runed translucent door, Xibe's ghost, journeyman HOFi
Elf:2 3 runed translucent doors
Zot:1 2 transporters


Innate Abilities, Weirdness & Mutations

You have a pair of horns on your head.
You reflexively headbutt those who attack you in melee.
You have large cloven feet.
You are partially covered in iridescent scales. (AC +2)
Armour fits poorly on your strangely shaped body.
Your flesh is heat resistant. (rF+)
Your magical capacity is low. (-10% MP)
You sometimes lose the ability to read scrolls when taking damage.


Message History

The red draconian scorcher convulses!
The green draconian monk convulses!
Your body is wracked with pain!
* * * LOW HITPOINT WARNING * * *
You hear a roar!
Unknown command.
A red film seems to cover your vision as you go berserk!
You feel yourself moving faster!
You feel mighty! The tentacled monstrosity misses you.
You block the tentacled monstrosity's attack.
The tentacled monstrosity tentacle-slaps you but does no damage.
You block the tentacled monstrosity's attack.
Unknown command.
Unknown command.
You carve the tentacled monstrosity like a ham!!!
You headbutt the tentacled monstrosity!
The tentacled monstrosity is heavily wounded.
You hear a roar!
The green draconian monk looks more healthy.
A green draconian comes into view. It is wielding a +0 glaive.
Unknown command.
You slash the tentacled monstrosity!
The tentacled monstrosity is heavily wounded.
The tentacled monstrosity barely misses you.
You furiously retaliate!
You headbutt the tentacled monstrosity!
The tentacled monstrosity barely misses you.
The tentacled monstrosity misses you. The tentacled monstrosity grabs you.
The tentacled monstrosity constricts you!
* * * LOW HITPOINT WARNING * * *
You cut the tentacled monstrosity into ribbons!!!
You kill the tentacled monstrosity!
Okawaru accepts your kill.
The red draconian scorcher gestures at you while chanting.
The sphere of damnation explodes!
The damnation engulfs you!!
* * * LOW HITPOINT WARNING * * *
The damnation engulfs something!!
A purple draconian comes into view. It is wielding a +3 long sword.
Something unexpectedly blocked you, preventing you from rampaging!
You barely miss something. Your headbutt misses something.
Something touches you!
You die...

▓▓▓# #▓▓▓▓▓▓▓▓▓**** ▓▓▓
*▓▓▓....,,,,, ..▓##
##▓.......,,,,^ ....##
##.........,,,,, .....# ▓▓▓▓▓▓▓▓▓
#..........,,,,,
.....▓▓▓.......▓▓▓..........,,,,,
.....▓▓.........▓▓.....d....,,,,,
....[▓.^.........▓1.q.......,,^,,
...........0.^..@.q...d.....,,,,,
....^▓.^.........▓..........,^,,,
.....▓▓.........▓▓..........,,,,,
...^.▓▓▓.......▓▓▓..........,,,,,
....(▓ ▓▓▓▓▓▓▓▓▓ ▓..........,^,,,
....▓▓ ▓▓.........,,,,, ..▓▓▓
▓▓▓.......,^,,, ▓▓▓ *▓▓▓....,,,,,
*▓▓▓▓*****


You could see a green draconian monk, a Tzitzimitl (summoned), a green
draconian, a purple draconian and a red draconian scorcher.

Vanquished Creatures
  Dissolution (Slime:4)
  the Royal Jelly (Slime:5)
  4 ancient liches
  9 dread liches
  4 orbs of fire (Zot:5)
  A juggernaut (Zig:9)
  3 royal mummies (Zig:12)
  Boris (Depths:4)
  Bai Suzhen (Swamp:4)
  3 Killer Klowns (Zot:5)
  Saint Roka (Vaults:1)
  A curse toe (Zot:4)
  11 golden dragons
  The ghost of ohados the Warrior, a veteran DjCj of Ashenzari (Depths:3)
  A caustic shrike (Depths:2)
  Arachne (Spider:3)
  A profane servitor (Zig:10)
  5 bone dragons
  6 electric golems
  Rupert (D:14)
  2 doom hounds (Zig:10)
  15 tentacled monstrosities
  A Hell Sentinel (Zig:11)
  3 hellephants (Depths:3)
  A walking earthen tome (Depths:2)
  23 Orb Guardians (Zot:5)
  Jorgrun (Spider:3)
  5 liches
  An Ice Fiend (Zig:5)
  A walking frostbound tome (Depths:3)
  Asterion (Elf:3)
  21 acid blobs
  5 deep elf blademasters (Elf:3)
  9 quicksilver dragons
  10 titans
  5 deep elf master archers (Elf:3)
  11 death cobs
  4 sphinxes
  9 ancient champions
  5 tengu reavers
  Frances (D:13)
  Kirke (D:11)
  6 tentacled starspawn
  11 shadow dragons
  5 revenants
  6 draconian knights
  7 draconian monks
  A fenstrider witch (Swamp:3)
  23 storm dragons
  Donald (Crypt:2)
  8 azure jellies
  6 rockslimes
  A fire giant (shapeshifter) (Vaults:5)
  A nargun (Zig:5)
  4 quicksilver elementals (Zig:11)
  4 emperor scorpions
  2 iron dragons
  11 fire giants
  Louise (D:14)
  8 frost giants
  7 draconian shifters
  8 deep elf sorcerers
  A cacodemon (Abyss:3)
  24 vault wardens
  5 draconian scorchers
  A balrug (Zig:4)
  Aizul (Spider:2)
  6 ghouls
  9 ghost moths
  3 draconian annihilators
  A curse skull (Crypt:3)
  4 orc warlords
  3 reapers
  2 caustic shrike skeletons
  24 stone giants
  26 ironbound preservers
  7 quicksilver oozes
  A broodmother (Spider:2)
  3 war gargoyles
  4 deep elf elementalists (Elf:3)
  2 spriggan defenders (Depths:2)
  8 draconian stormcallers
  39 very ugly things
  A juggernaut skeleton (Crypt:3)
  5 vampire knights
  8 ironbound thunderhulks
  5 eleionomae
  Nessos (D:15)
  2 deep elf demonologists
  10 green draconians
  7 white draconians
  4 putrid mouths (Zig:10)
  The ghost of topfpfpflanze the Spry, a journeyman FeCj of Gozag (Elf:3)
  A minotaur (Gauntlet)
  8 black draconians
  2 starflowers (Abyss:3)
  A lorocyproca (Abyss:3)
  Azrael (Spider:1)
  6 deep elf annihilators
  6 bunyips
  A wendigo (Zig:5)
  10 purple draconians
  5 dire elephants
  A crystal guardian (Vaults:2)
  23 yellow draconians
  10 red draconians
  2 spark wasps
  4 eidola
  13 fire dragons
  An ettin (shapeshifter) (Vaults:5)
  2 blizzard demons
  2 iron golems (Zig:11)
  A green death (Depths:2)
  6 deep elf death magi (Elf:3)
  15 ettins
  A merfolk impaler (Depths:3)
  A quicksilver dragon zombie (Zig:8)
  A merfolk javelineer (Depths:4)
  25 yaktaur captains
  Josephine (Orc:1)
  4 deep elf high priests
  3 mummy priests
  16 jiangshi
  4 rakshasas
  2 shambling mangroves
  5 great orbs of eyes
  An entropy weaver (shapeshifter) (D:13)
  A spriggan zombie (Crypt:2)
  6 entropy weavers
  13 ice dragons
  37 vault guards
  A spectral tengu (Zig:3)
  A jorogumo (shapeshifter) (Vaults:5)
  8 spriggan air magi
  Harold (D:9)
  4 spriggan skeletons
  11 centaur warriors
  3 peacekeepers
  5 radroaches
  26 hydras
  2 ogre magi (Vaults:5)
  6 ironbound frosthearts
  3 ghost crabs
  14 dancing weapons
  3 fenstrider witch skeletons
  11 two-headed ogres
  9 boulder beetles
  A death knight (D:15)
  8 alligators
  3 death scarabs
  3 deep troll shamans
  9 deep troll earth magi
  5 death yaks
  12 hell hogs
  5 tengu warriors
  10 vampire magi
  3 thrashing horrors
  2 titan zombies
  5 spriggan berserkers
  An orc high priest (Orc:2)
  13 deep elf knights
  A sun demon (Lair:5)
  A hell knight (Depths:1)
  5 spriggans
  2 soul eaters
  7 wretched stars
  3 sixfirhies
  4 crystal echidnas (Zig:11)
  2 titan skeletons
  2 fire crabs (Swamp:4)
  2 shadow wraiths
  2 sun moths (Spider:4)
  2 death drakes
  5 goliath frogs
  4 iron trolls
  11 flayed ghosts
  A golden dragon zombie (Zig:8)
  10 pharaoh ants
  54 skeletal warriors
  A storm dragon skeleton (Zig:12)
  53 deep trolls
  4 orange crystal statues
  4 orb spiders
  10 bog bodies
  2 golden dragon skeletons
  17 deep elf archers
  2 anaconda skeletons (Crypt:3)
  An orb spider (shapeshifter) (Vaults:5)
  An obsidian statue (Gauntlet)
  7 glowing orange brains
  A tengu zombie (Depths:3)
  9 wizards
  7 swamp dragons
  A bunyip skeleton (Crypt:3)
  26 ironbound convokers
  19 lindwurms
  9 necromancers
  19 starcursed masses
  29 deep elf pyromancers
  7 steelbarb worms
  14 orc knights
  31 deep elf zephyrmancers
  20 phantasmal warriors
  A jorogumo zombie (Crypt:1)
  A sphinx zombie (Vaults:4)
  38 ugly things
  A harpy (shapeshifter) (Elf:1)
  4 harpies (Vaults:2)
  A wolf spider (shapeshifter) (Vaults:3)
  6 cyclopes
  9 oklob plants
  An elephant (shapeshifter) (Vaults:5)
  A manticore (shapeshifter) (Depths:1)
  2 manticores
  11 wolf spiders
  3 shining eyes
  9 elephants
  An iron dragon zombie (Crypt:1)
  A frost giant zombie (Depths:3)
  4 orc sorcerers
  A worldbinder (Abyss:3)
  A salamander (Depths:2)
  31 moths of wrath
  4 centaur zombies
  A fire giant skeleton (Zig:8)
  4 will-o-the-wisps
  4 black mambas
  2 stone giant skeletons
  A frost giant skeleton (Zig:8)
  4 smoke demons
  7 orange demons
  A molten gargoyle (Swamp:4)
  8 torpor snails
  14 demonic crawlers
  2 rust devils (Depths:2)
  15 vault sentinels
  An eye of devastation (shapeshifter) (Depths:1)
  An ice statue (Zig:7)
  4 eyes of devastation
  Maggie (Lair:2)
  4 gargoyles
  A steelbarb worm zombie (Crypt:2)
  A minotaur zombie (Crypt:2)
  A hellion (Zig:10)
  A redback zombie (Crypt:1)
  A purple draconian zombie (Crypt:3)
  The ghost of monokles the Insei, a novice HuTm of Elyvilon (D:4)
  3 centaur skeletons
  10 cane toads
  2 dire elephant skeletons (Crypt:3)
  A swamp worm zombie (Crypt:3)
  A yaktaur (shapeshifter) (Depths:1)
  5 kobold demonologists
  A purple draconian skeleton (Crypt:2)
  3 efreet
  A komodo dragon (shapeshifter) (Elf:1)
  15 komodo dragons
  2 orc skeletons
  3 rime drakes
  3 freezing wraiths
  An unseen horror skeleton (Crypt:3)
  A spectral glowing shapeshifter (Zig:10)
  A tengu conjurer (Depths:2)
  59 yaktaurs
  3 ice devils
  2 red devils
  4 tormentors
  A yaktaur skeleton (Vaults:4)
  7 trolls
  10 guardian mummies
  A sea snake skeleton (Crypt:1)
  A shadow dragon simulacrum (Crypt:2)
  A hydra zombie (Crypt:1)
  A wind drake (shapeshifter) (D:10)
  A bloated husk (Swamp:1)
  8 meliai
  2 polar bears
  2 harpy zombies (Crypt:2)
  4 tyrant leeches
  4 hellwings
  13 saltlings (Orc:2)
  A tarantella (shapeshifter) (Elf:3)
  30 blink frogs
  A guardian serpent zombie (Crypt:2)
  8 hornets
  21 tarantellas
  5 harpy skeletons (Crypt:3)
  3 raiju (Zig:7)
  Prince Ribbit (D:9)
  26 jumping spiders
  3 ynoxinuls
  3 air elementals
  A jumping spider (shapeshifter) (Depths:2)
  A fire dragon skeleton (Crypt:2)
  3 ushabtiu (Zig:12)
  7 water elementals
  18 flying skulls
  19 culicivoras
  A shadow (D:12)
  9 wraiths
  A wyvern (shapeshifter) (D:13)
  2 vampires
  70 slime creatures
  53 yaks
  8 golden eyes
  3 hogs (D:12)
  5 wyverns
  3 basilisks
  10 fire elementals
  A golden eye (shapeshifter) (Elf:2)
  A warg (shapeshifter) (D:15)
  21 vampire mosquitoes
  A black mamba skeleton (Crypt:1)
  A steam dragon (shapeshifter) (Depths:4)
  Grum (D:8)
  A neqoxec (Zig:4)
  A redback (shapeshifter) (Vaults:5)
  5 steam dragons
  Menkaure (D:4)
  A wind drake skeleton (Crypt:3)
  53 redbacks
  2 harpy simulacra (Crypt:2)
  2 glowing shapeshifter zombies (Depths:3)
  3 wargs
  A chaos spawn (Depths:2)
  20 swamp worms
  An acid dragon (D:10)
  12 water moccasins
  Edmund (D:4)
  5 hell hounds
  Duvessa (D:4)
  A fire bat skeleton (Crypt:2)
  A deep troll zombie (Crypt:1)
  3 naga skeletons
  5 floating eyes
  An ice beast (D:7)
  51 orc warriors
  An ettin simulacrum (Crypt:1)
  8 swamp drakes
  12 ogres
  14 centaurs
  18 wolves
  Blork the orc (D:4)
  6 kobold brigands
  3 earth elementals
  An elf zombie (Ossuary)
  11 bullfrogs
  7 scorpions
  A necrophage (Swamp:4)
  A water moccasin zombie (Crypt:1)
  4 wights (D:8)
  Dowan (D:4)
  16 killer bees
  A yak zombie (Crypt:1)
  3 howler monkeys (D:13)
  4 electric eels
  20 orc priests
  26 jellies
  Crazy Yiuf (D:3)
  3 hounds
  2 gnoll boudas
  3 sleepcaps
  4 iguanas
  A scorpion zombie (Crypt:1)
  28 orc wizards
  A killer bee zombie (Crypt:1)
  A hound skeleton (Crypt:1)
  22 mummies
  12 gnolls
  A steam dragon zombie (Crypt:2)
  11 adders
  A white imp (D:7)
  4 ufetubi
  An adder zombie (Crypt:3)
  2 worms
  7 dart slugs
  82 orcs
  7 ball pythons
  9 bats
  A bat zombie (Crypt:1)
  9 endoplasms
  6 gnoll zombies (Ossuary)
  10 goblins
  12 hobgoblins
  5 jackals (D:5)
  3 quokkas
  A ball python skeleton (Crypt:2)
  5 frilled lizards
  8 giant cockroaches
  A gnoll skeleton (Crypt:1)
  3 goblin zombies (Ossuary)
  A hobgoblin zombie (Ossuary)
  34 kobolds
  3 orc zombies (Ossuary)
  A quokka skeleton (Crypt:3)
  4 rats
  7 starspawn tentacles
2751 creatures vanquished.

Vanquished Creatures (others)
  A hellephant (Depths:3)
  A draconian knight (Zot:2)
  A deep elf annihilator (Elf:3)
  2 deep elf knights
  2 goliath frogs (Zig:6)
  A lindwurm (Swamp:4)
  A deep elf zephyrmancer (Elf:3)
  A yaktaur (Vaults:5)
  A bloated husk (Swamp:2)
  3 swamp drakes
  12 foxfires
  16 starspawn tentacles
42 creatures vanquished.

Grand Total: 2793 creatures vanquished

Notes
Turn   | Place    | Note
-------+----------+-------------------------------------------
     0 | D:1      | Bennjico the Minotaur Fighter began the quest for the Orb.
     0 | D:1      | Reached XP level 1. HP: 19/19 MP: 0/0
   170 | D:1      | Reached XP level 2. HP: 26/27 MP: 1/1
   497 | D:1      | Found a faded altar of an unknown god.
   525 | D:1      | Reached skill level 1 in Dodging
   641 | D:1      | Reached XP level 3. HP: 33/33 MP: 2/2
  1467 | D:3      | Reached XP level 4. HP: 40/40 MP: 3/3
  1937 | D:3      | Identified a scroll of acquirement
  1937 | D:3      | Acquired the +3 warlock's mirror {omnireflect}
  1937 | D:3      | Found the +3 warlock's mirror {omnireflect}
  2189 | D:3      | Found a runed translucent door.
  2190 | D:3      | Noticed Crazy Yiuf
  2197 | D:3      | Killed Crazy Yiuf
  2481 | D:4      | Reached XP level 5. HP: 47/47 MP: 4/4
  2689 | D:4      | Noticed Blork the orc
  2693 | D:4      | Reached XP level 6. HP: 52/55 MP: 5/5
  2699 | D:4      | Killed Blork the orc
  2700 | D:4      | Reached skill level 5 in Fighting
  2700 | D:4      | Reached skill level 5 in Shields
  2752 | D:4      | Found a runed translucent door.
  2753 | D:4      | Noticed Menkaure
  2755 | D:4      | Noticed monokles's ghost (novice HuTm)
  2759 | D:4      | Killed Menkaure
  2760 | D:4      | Reached skill level 5 in Armour
  2789 | D:4      | Killed monokles's ghost
  2790 | D:4      | Reached skill level 5 in Axes
  2790 | D:4      | Reached XP level 7. HP: 53/62 MP: 6/6
  2916 | D:4      | Found a glowing golden altar of the Shining One.
  2919 | D:4      | Noticed Edmund
  2936 | D:4      | Killed Edmund
  3125 | D:4      | Reached XP level 8. HP: 33/70 MP: 7/7
  3319 | D:4      | Noticed Dowan
  3320 | D:4      | Noticed Duvessa
  3327 | D:4      | Killed Dowan
  3330 | D:4      | Killed Duvessa
  3512 | D:5      | Entered Level 5 of the Dungeon
  3634 | D:5      | Found a staircase to the Ecumenical Temple.
  3655 | Temple   | Entered the Ecumenical Temple
  3689 | Temple   | Became a worshipper of Warmaster Okawaru
  3911 | D:5      | Reached skill level 5 in Dodging
  3988 | D:5      | Found a shimmering altar of Xom.
  4106 | D:5      | Acquired 904 gold pieces
  4326 | D:6      | Found a glowing silver altar of Zin.
  4374 | D:6      | Found a shadowy altar of Dithmenos.
  4379 | D:6      | Found an ancient bone altar of Kikubaaqudgha.
  4379 | D:6      | Found a bloodstained altar of Trog.
  4390 | D:6      | Found a stormy altar of Qazlal.
  4393 | D:6      | Found a burning altar of Makhleb.
  4635 | D:6      | Reached * piety under Okawaru
  4701 | D:6      | Identified the +1 chain mail of the World {rN++ Str+3
                  | Int+4}
  4908 | D:7      | Found a transporter.
  4975 | D:7      | Reached XP level 9. HP: 72/79 MP: 8/8
  5001 | D:7      | Found a sparkling altar of Nemelex Xobeh.
  5110 | D:7      | Found a sand-covered staircase.
  5116 | Ossuary  | Entered an ossuary
  5284 | D:7      | Found a transporter.
  5291 | D:7      | Noticed hattey's ghost (novice HuWn)
  5386 | D:7      | Gained mutation: You expend magic power (3 MP) to
                  | strengthen your wands. [potion of mutation]
  5386 | D:7      | Gained mutation: You have hidden genetic potential. [potion
                  | of mutation]
  5386 | D:7      | Gained mutation: You are frail. (-10% HP) [potion of
                  | mutation]
  5386 | D:7      | Gained mutation: You have very sharp teeth. [potion of
                  | mutation]
  5849 | D:7      | Noticed a deep troll
  5886 | D:8      | Reached ** piety under Okawaru
  6295 | D:8      | Reached *** piety under Okawaru
  6305 | D:8      | Reached XP level 10. HP: 63/81 MP: 9/9
  6336 | D:8      | Gained mutation: Your flesh is heat resistant. (rF+)
                  | [hidden potential]
  6634 | D:8      | Found a snail-covered altar of Cheibriados.
  6661 | D:8      | Noticed Grum
  6674 | D:8      | Killed Grum
  6756 | D:8      | Reached **** piety under Okawaru
  6910 | D:8      | Noticed a two-headed ogre
  6920 | D:8      | Killed a two-headed ogre
  7196 | D:9      | Noticed a two-headed ogre
  7205 | D:9      | Killed a two-headed ogre
  7209 | D:9      | Found Sal Qisa's Jewellery Shop.
  7239 | D:9      | Found a staircase to the Lair.
  7333 | D:9      | Found Xoulihya's Assorted Antiques.
  7339 | D:9      | Noticed Prince Ribbit
  7353 | D:9      | Killed Prince Ribbit
  7361 | D:9      | Bought a pitted plate armour for 532 gold pieces
  7361 | D:9      | Identified the +0 plate armour of Conscience {rN+ Int+2}
                  | (You bought it in a shop on level 9 of the Dungeon)
  7361 | D:9      | Bought 3 scrolls labelled ESIONUN HIGIO for 57 gold pieces
  7406 | D:9      | Found Kiyfubil's Armour Shop.
  7411 | D:9      | Bought the +3 Mad Mage's Maulers {Infuse+∞ VampMP -Cast}
                  | for 640 gold pieces
  7411 | D:9      | Found the +3 Mad Mage's Maulers {Infuse+∞ VampMP -Cast}
  7450 | D:9      | Found a flagged portal.
  7456 | D:9      | Reached ***** piety under Okawaru
  7483 | Bailey   | Entered a bailey
  7793 | Bailey   | Identified the +7 buckler "Nikarhan" {rElec rCorr Dex+7}
  7806 | Bailey   | Received a gift from Okawaru
  7807 | Bailey   | Reached XP level 11. HP: 81/89 MP: 0/10
  8217 | D:9      | Noticed a two-headed ogre
  8217 | D:9      | Noticed Harold
  8222 | D:9      | Killed Harold
  8223 | D:9      | Reached skill level 10 in Fighting
  8223 | D:9      | Reached skill level 10 in Shields
  8227 | D:9      | Killed a two-headed ogre
  8228 | D:9      | Reached skill level 10 in Armour
  8244 | D:9      | Gained mutation: You are agile. (Dex +4, Str/Int -1)
                  | [hidden potential]
  8244 | D:9      | Lost mutation: You have hidden genetic potential. [hidden
                  | potential expressed]
  8423 | D:10     | Entered Level 10 of the Dungeon
  8435 | D:10     | Reached skill level 10 in Axes
  8559 | D:10     | Noticed a two-headed ogre
  8562 | D:10     | Killed a two-headed ogre
  8975 | D:10     | Found a runed translucent door.
  8975 | D:10     | Noticed a sixfirhy
  8982 | D:10     | Killed a sixfirhy
  9021 | D:10     | Found a blossoming altar of Fedhas.
  9599 | D:11     | Found a bloodstained altar of Trog.
  9619 | D:11     | Noticed a two-headed ogre
  9626 | D:11     | Killed a two-headed ogre
  9940 | D:11     | Noticed a two-headed ogre
  9946 | D:11     | Killed a two-headed ogre
  9946 | D:11     | Reached ****** piety under Okawaru
 10102 | D:11     | Noticed a boulder beetle
 10131 | D:11     | Killed a boulder beetle
 10310 | D:11     | Received a gift from Okawaru
 10311 | D:11     | Reached XP level 12. HP: 99/99 MP: 6/11
 11111 | D:12     | Noticed Kirke
 11365 | D:11     | Killed Kirke
 11366 | D:11     | Reached skill level 10 in Dodging
 11715 | D:12     | Found a staircase to the Orcish Mines.
 12256 | D:12     | Found a white marble altar of Elyvilon.
 12256 | D:12     | Noticed a two-headed ogre
 12275 | D:12     | Killed a two-headed ogre
 12464 | D:13     | Noticed a boulder beetle
 12474 | D:13     | Killed a boulder beetle
 12569 | D:13     | Noticed a tengu warrior
 12579 | D:13     | Killed a tengu warrior
 12593 | D:13     | Identified the scarf of Xerchoval {+Inv, Contam Harm Int+6
                  | Dex+2} (Okawaru gifted it to you on level 13 of the
                  | Dungeon)
 12593 | D:13     | Received a gift from Okawaru
 12632 | D:13     | Found a gate to the Vaults.
 12632 | D:13     | Noticed an ironbound preserver
 12643 | D:13     | Killed an ironbound preserver
 12813 | D:13     | Noticed a centaur warrior
 12822 | D:13     | Killed a centaur warrior
 12908 | D:13     | a yak changed into an entropy weaver
 12908 | D:13     | Noticed an entropy weaver (shapeshifter)
 12913 | D:13     | Killed an entropy weaver
 12914 | D:13     | Reached XP level 13. HP: 100/107 MP: 4/12
 13109 | D:13     | Noticed Frances
 13120 | D:13     | Killed Frances
 14255 | D:14     | Identified the +0 pair of boots of the Maze {rF+ Regen+}
                  | (Okawaru gifted it to you on level 14 of the Dungeon)
 14255 | D:14     | Received a gift from Okawaru
 14630 | D:14     | Found Rixyfine's Book Boutique.
 15026 | D:14     | Noticed Louise
 15027 | D:14     | Noticed Rupert
 15029 | D:14     | Found a basalt altar of Yredelemnul.
 15037 | D:14     | Killed Louise
 15040 | D:14     | Killed Rupert
 15248 | Lair:1   | Entered Level 1 of the Lair of Beasts
 16781 | Lair:2   | Identified the +2 robe of the Dungeon {-Cast rF+ rN+++
                  | Stlth+} (Okawaru gifted it to you on level 2 of the Lair of
                  | Beasts)
 16781 | Lair:2   | Received a gift from Okawaru
 16963 | Lair:2   | Reached XP level 14. HP: 117/117 MP: 3/13
 17047 | Lair:2   | Found a staircase to the Swamp.
 17270 | Lair:2   | Found a hole to the Spider Nest.
 17670 | Lair:2   | You fall into a shaft and drop 2 floors!
 18088 | Lair:2   | Noticed Maggie
 18094 | Lair:2   | Killed Maggie
 19908 | Lair:4   | Found a viscous altar of Jiyva.
 21203 | Lair:4   | Identified the +0 cloak of Naigip {Dex+7} (Okawaru gifted
                  | it to you on level 4 of the Lair of Beasts)
 21203 | Lair:4   | Received a gift from Okawaru
 22183 | Lair:4   | Found a staircase to the Slime Pits.
 22333 | Lair:5   | Entered Level 5 of the Lair of Beasts
 22920 | Lair:5   | Received a gift from Okawaru
 23138 | Lair:5   | Reached skill level 15 in Shields
 23138 | Lair:5   | Reached XP level 15. HP: 75/125 MP: 2/14
 23602 | Lair:5   | Reached skill level 15 in Fighting
 23607 | Lair:5   | Reached skill level 15 in Armour
 23727 | Lair:5   | Found a burning altar of Makhleb.
 23761 | Lair:5   | Found a gateway to Hell.
 24917 | Orc:1    | Entered Level 1 of the Orcish Mines
 25104 | Orc:1    | Noticed Josephine
 25114 | Orc:1    | Killed Josephine
 25115 | Orc:1    | Reached skill level 15 in Axes
 25239 | Orc:2    | Entered Level 2 of the Orcish Mines
 25295 | Orc:2    | Found a gate leading to a gauntlet.
 25306 | Gauntlet | Entered a Gauntlet
 25306 | Gauntlet | Found a transporter.
 25306 | Gauntlet | Found a transporter.
 25353 | Gauntlet | Found a transporter.
 25353 | Gauntlet | Found a transporter.
 25377 | Gauntlet | Found a transporter.
 25385 | Gauntlet | Found a transporter.
 25387 | Gauntlet | Found a transporter.
 25387 | Gauntlet | Found a transporter.
 25391 | Gauntlet | Found a transporter.
 25425 | Gauntlet | Found a transporter.
 25443 | Gauntlet | Found a transporter.
 25447 | Gauntlet | Found a large runed translucent door.
 25482 | Gauntlet | Found a transporter.
 25484 | Gauntlet | Found a large runed translucent door.
 25484 | Gauntlet | Found a large runed translucent door.
 25485 | Gauntlet | Found a large runed translucent door.
 25485 | Gauntlet | Found a large runed translucent door.
 25486 | Gauntlet | Found a large runed translucent door.
 25486 | Gauntlet | Found a runed translucent door.
 25486 | Gauntlet | Found a runed translucent door.
 25486 | Gauntlet | Found a large runed translucent door.
 25486 | Gauntlet | Found a large runed translucent door.
 25487 | Gauntlet | Found a large runed translucent door.
 25487 | Gauntlet | Found a large runed translucent door.
 25490 | Gauntlet | Found a large runed translucent door.
 25490 | Gauntlet | Found a large runed translucent door.
 25492 | Gauntlet | Found a large runed translucent door.
 25492 | Gauntlet | Found a large runed translucent door.
 25492 | Gauntlet | Found a large runed translucent door.
 25494 | Gauntlet | Found a runed translucent gate.
 25494 | Gauntlet | Found a runed translucent gate.
 25494 | Gauntlet | Found a runed translucent gate.
 25496 | Gauntlet | Found a transporter.
 25507 | Gauntlet | Found a large runed translucent door.
 25581 | Gauntlet | Found a transporter.
 25596 | Gauntlet | Found a transporter.
 25612 | Gauntlet | Found a transporter.
 25704 | Gauntlet | Received a gift from Okawaru
 25753 | Gauntlet | Identified the +1 pair of boots "Tonaegy" {+Inv Slay+2
                  | Stlth+}
 25889 | Gauntlet | Identified the ring of Moaskutt {Fire rElec Str+3 Dex+6}
 25891 | Gauntlet | Reached XP level 16. HP: 134/134 MP: 15/15
 26726 | Orc:1    | Found a runed translucent door.
 26729 | Orc:1    | Found a shimmering altar of Xom.
 26729 | Orc:1    | Noticed Xibe's ghost (journeyman HOFi)
 26806 | Orc:1    | Found a burning altar of Makhleb.
 27120 | Orc:2    | Found a staircase to the Elven Halls.
 27180 | Orc:2    | Received a gift from Okawaru
 27626 | Orc:2    | Found Pexi's Distillery.
 27634 | Orc:2    | Bought a potion of berserk rage for 65 gold pieces
 27634 | Orc:2    | Bought a potion of haste for 130 gold pieces
 27634 | Orc:2    | Bought a potion of might for 52 gold pieces
 27634 | Orc:2    | Bought a potion of curing for 39 gold pieces
 27728 | Orc:2    | Found Tiwkoich's Antique Armour Boutique.
 27743 | Orc:2    | Found Iraus's Book Boutique.
 27777 | Orc:2    | Found Ditug's Distillery.
 27794 | Orc:2    | Bought a potion of heal wounds for 75 gold pieces
 27794 | Orc:2    | Bought a potion of invisibility for 120 gold pieces
 27794 | Orc:2    | Bought a potion of invisibility for 120 gold pieces
 27794 | Orc:2    | Bought 2 potions of mutation for 240 gold pieces
 27794 | Orc:2    | Bought a potion of curing for 45 gold pieces
 27794 | Orc:2    | Bought a potion of mutation for 120 gold pieces
 27794 | Orc:2    | Bought a potion of cancellation for 120 gold pieces
 28349 | D:15     | Entered Level 15 of the Dungeon
 28465 | D:15     | Found a viscous altar of Jiyva.
 28620 | D:15     | Found Hokuelug's Book Boutique.
 28621 | D:15     | Found Fority's Distillery.
 28623 | D:15     | Found Evoisooq's Book Boutique.
 28624 | D:15     | Found Tung's Weapon Boutique.
 28638 | D:15     | Bought a potion of curing for 36 gold pieces
 28638 | D:15     | Bought a potion of resistance for 120 gold pieces
 28638 | D:15     | Bought a potion of heal wounds for 60 gold pieces
 28638 | D:15     | Bought a potion of haste for 120 gold pieces
 28638 | D:15     | Bought a potion of heal wounds for 60 gold pieces
 28638 | D:15     | Bought a potion of flight for 36 gold pieces
 28638 | D:15     | Bought a potion of might for 48 gold pieces
 28646 | D:15     | Noticed Nessos
 28656 | D:15     | Killed Nessos
 28964 | D:15     | Found a staircase to the Depths.
 29123 | D:15     | Identified the +2 robe of Death's Door {Int+5 Slay+3}
                  | (Okawaru gifted it to you on level 15 of the Dungeon)
 29123 | D:15     | Received a gift from Okawaru
 29510 | D:15     | Found a broken altar of Ashenzari.
 29856 | Elf:1    | Entered Level 1 of the Elven Halls
 30489 | Elf:1    | Found Picot's Jewellery Emporium.
 30498 | Elf:1    | Bought a +4 ring of slaying for 1092 gold pieces
 30738 | Abyss:3  | Cast into level 3 of the Abyss (a deep elf demonologist)
 30793 | Abyss:3  | Reached XP level 17. HP: 100/142 MP: 1/16
 30906 | Elf:1    | Escaped the Abyss
 31307 | Elf:1    | Paralysed by an air elemental for 1 turns
 31456 | Elf:1    | Identified the +2 cloak of Eternity {*Slow rC+ Int+3}
 32157 | Elf:2    | Identified the +4 crystal plate armour of Okawaru's Reproof
                  | {Will+ MP+9} (Okawaru gifted it to you on level 2 of the
                  | Elven Halls)
 32157 | Elf:2    | Received a gift from Okawaru
 32167 | Elf:2    | Reached skill level 15 in Dodging
 33063 | Elf:2    | Found Nuceit's Antique Weapon Shoppe.
 33469 | Elf:2    | Found a runed translucent gate.
 33470 | Elf:2    | Found a runed translucent gate.
 33470 | Elf:2    | Found a runed translucent gate.
 34152 | Spider:1 | Entered Level 1 of the Spider Nest
 35274 | Spider:1 | Received a gift from Okawaru
 35711 | Spider:1 | Noticed Azrael
 35723 | Spider:1 | Killed Azrael
 35726 | Spider:1 | Reached XP level 18. HP: 104/153 MP: 0/17
 36412 | Spider:2 | Noticed Aizul
 36424 | Spider:2 | Killed Aizul
 36434 | Spider:2 | Identified the +0 cloak "Hadiz" {rF+ Will++ Regen+ Dex+2}
                  | (Okawaru gifted it to you on level 2 of the Spider Nest)
 36434 | Spider:2 | Received a gift from Okawaru
 37387 | Spider:2 | Identified the +0 robe of Noguntal {Drain rC+ rN++}
 37415 | Spider:3 | Noticed Jorgrun
 37423 | Spider:3 | Killed Jorgrun
 37431 | Spider:3 | Noticed Arachne
 37899 | Spider:3 | Killed Arachne
 38759 | Spider:4 | Entered Level 4 of the Spider Nest
 40134 | Spider:4 | Received a gift from Okawaru
 40142 | Spider:4 | Got a gossamer rune of Zot
 40144 | Spider:4 | Identified the +0 hat "Ycyoser" {Rampage MP+9}
 40461 | Swamp:1  | Entered Level 1 of the Swamp
 42046 | Swamp:2  | Reached XP level 19. HP: 115/162 MP: 2/18
 45078 | Swamp:3  | Identified the +7 longbow "Liriboem" {speed, Int+3}
 45360 | Swamp:4  | Entered Level 4 of the Swamp
 46005 | Swamp:4  | Received a gift from Okawaru
 46259 | Swamp:4  | Noticed Bai Suzhen
 46268 | Swamp:4  | Killed Bai Suzhen
 47613 | Swamp:4  | Got a decaying rune of Zot
 47846 | Vaults:1 | Entered Level 1 of the Vaults
 48542 | Vaults:1 | Received a gift from Okawaru
 49251 | Vaults:1 | Noticed Saint Roka
 49269 | Vaults:1 | Killed Saint Roka
 50099 | Vaults:1 | Identified the orb "Naar" {*channel, Regen+ Int+2}
 50850 | Vaults:2 | Reached XP level 20. HP: 171/171 MP: 1/19
 51172 | Vaults:2 | Received a gift from Okawaru
 53088 | Vaults:2 | Received a gift from Okawaru
 54128 | Vaults:3 | Found Corily's General Store.
 54132 | Vaults:3 | Bought a scroll of brand weapon for 114 gold pieces
 54132 | Vaults:3 | Bought a scroll of immolation for 48 gold pieces
 54132 | Vaults:3 | Bought a potion of might for 48 gold pieces
 54178 | Vaults:3 | Found Zeotat's Assorted Antiques.
 54181 | Vaults:3 | Bought a scroll of fear for 208 gold pieces
 54181 | Vaults:3 | Bought a potion of curing for 156 gold pieces
 54181 | Vaults:3 | Bought a potion of curing for 156 gold pieces
 54297 | Vaults:3 | Found Cocem's Antique Weapon Boutique.
 54580 | Vaults:3 | Found a staircase to the Crypt.
 54868 | Vaults:3 | Identified the +3 robe "Xuiryhad" {Dex+4} (Okawaru gifted
                  | it to you on level 3 of the Vaults)
 54868 | Vaults:3 | Received a gift from Okawaru
 55597 | Vaults:3 | Identified the +7 sling of Qoirew {freeze, +Blink}
 55624 | Vaults:3 | Identified the +1 leather armour of Cleverly Designed Awe
                  | {rC+ Str+5 Slay-6}
 56256 | Vaults:3 | Reached XP level 21. HP: 151/181 MP: 2/20
 57081 | Vaults:3 | Identified the +8 broad axe "Hellblazer" {venom, Int+5}
 57348 | Vaults:3 | Found Fiorhux's Weapon Boutique.
 58068 | Vaults:4 | Received a gift from Okawaru
 59448 | Vaults:4 | Identified the +2 war axe of Jucveas {heavy, rC- rCorr
                  | Stlth+}
 59637 | Vaults:4 | Found Oxill's Book Boutique.
 60081 | Vaults:4 | Received a gift from Okawaru
 60081 | Vaults:4 | Found the +0 pair of fencer's gloves {Riposte Dex+3}
 60570 | Vaults:5 | Entered Level 5 of the Vaults
 61023 | Vaults:5 | Noticed an ancient lich
 61025 | Vaults:5 | Noticed a dread lich
 61045 | Vaults:4 | Killed an ancient lich
 61046 | Vaults:4 | Reached XP level 22. HP: 109/191 MP: 1/21
 61047 | Vaults:4 | Killed a dread lich
 61180 | Vaults:5 | Identified the +7 shortbow "Fairec" {flame, rF++ Str+2}
 61897 | Vaults:5 | Received a gift from Okawaru
 62085 | Vaults:5 | Identified the +5 war axe "Penit" {heavy, *Corrode Dex+3
                  | SInv}
 62825 | Vaults:5 | Identified the +4 scimitar "Umotun" {freeze, rC+ rN+ Will+
                  | Str-2}
 62825 | Vaults:5 | Identified the +1 robe of the Spider Nest {*Slow rF++ rC+
                  | rN+}
 63538 | Vaults:5 | Identified the staff of poison "Xacryin" {*Slow rPois rCorr
                  | Int+4 Stlth+}
 63742 | Vaults:5 | Received a gift from Okawaru
 63898 | Vaults:5 | Noticed a golden dragon
 63904 | Vaults:5 | Killed a golden dragon
 64540 | Vaults:5 | Got a silver rune of Zot
 64955 | Elf:3    | Entered Level 3 of the Elven Halls
 64960 | Elf:3    | Noticed topfpfpflanze's ghost (journeyman FeCj)
 64999 | Elf:3    | Found a runed translucent gate.
 65001 | Elf:3    | Noticed Asterion
 65004 | Elf:3    | Found a runed translucent gate.
 65010 | Elf:3    | Killed Asterion
 65126 | Elf:3    | Found a runed translucent gate.
 65748 | Elf:3    | Found a portal to a secret trove of treasure.
 66631 | Elf:3    | Identified the +8 trident of the Hurling Gods {freeze, rC+
                  | Str+7 Dex+3}
 66643 | Elf:3    | Received a gift from Okawaru
 66651 | Elf:3    | Reached XP level 23. HP: 143/201 MP: 2/22
 66651 | Elf:3    | Identified the ring of Juguli Tiehu {rF- rCorr Str-4 Int+6
                  | Dex+9}
 66860 | Elf:3    | Identified the ring of Huvun {rC+ rCorr Str-4 Int+6}
 66956 | Elf:3    | Identified the +6 chain mail of the Constellations {Harm
                  | rElec Str-5 Int+3}
 67341 | Elf:3    | Got Douliall's Final Tractate on of Wizardry
 67343 | Elf:3    | Identified the +1 rapier "Nouf" {chaos, rN++ rCorr}
 67570 | Elf:3    | Identified the +10 plate armour of Darkness {Will+}
                  | (Okawaru gifted it to you on level 3 of the Elven Halls)
 67570 | Elf:3    | Received a gift from Okawaru
 67578 | Elf:3    | Killed topfpfpflanze's ghost
 67730 | Elf:3    | Identified the +8 great mace "Uzaufeja" {venom, rF+ Will++
                  | Stlth-}
 67733 | Elf:3    | Identified the +6 halberd of Amorality {pain, rF+}
 67990 | Crypt:1  | Entered Level 1 of the Crypt
 70219 | Crypt:2  | Noticed Donald
 70228 | Crypt:2  | Killed Donald
 71465 | Crypt:3  | Entered Level 3 of the Crypt
 71484 | Crypt:3  | Received a gift from Okawaru
 72702 | Crypt:3  | Found a basalt altar of Yredelemnul.
 72900 | Crypt:3  | Noticed a dread lich
 72909 | Crypt:3  | Killed a dread lich
 73184 | Crypt:3  | Identified the staff of earth "Qefecl Usche" {rElec Will++
                  | MP+9 Int-5}
 74305 | Crypt:3  | Reached XP level 24. HP: 211/211 MP: 0/22
 74462 | Crypt:3  | Identified the +1 pair of boots "Qodet" {Fly rElec Int-2
                  | Stlth+}
 75985 | Crypt:3  | Got the Spellbook of Profane Spells
 76311 | Crypt:3  | Received a gift from Okawaru
 76587 | Crypt:3  | Found a staircase to the Tomb.
 76897 | Depths:1 | Entered Level 1 of the Depths
 76920 | Depths:1 | Found a sacrificial altar of Ru.
 78331 | Depths:1 | Identified the ring "Usozaonu" {MP+9 Str+3 Int+4 Dex-3}
 78638 | Depths:1 | Lost mutation: You expend magic power (3 MP) to strengthen
                  | your wands. [potion of mutation]
 78638 | Depths:1 | Lost mutation: You are frail. (-10% HP) [potion of
                  | mutation]
 78638 | Depths:1 | Gained mutation: You are frail. (-10% HP) [potion of
                  | mutation]
 78638 | Depths:1 | Gained mutation: You are vulnerable to cold. (rC-) [potion
                  | of mutation]
 78639 | Depths:1 | Lost mutation: You are vulnerable to cold. (rC-) [potion of
                  | mutation]
 78639 | Depths:1 | Lost mutation: You are frail. (-10% HP) [potion of
                  | mutation]
 78639 | Depths:1 | Gained mutation: Armour fits poorly on your strangely
                  | shaped body. [potion of mutation]
 78639 | Depths:1 | Gained mutation: You are partially covered in large bone
                  | plates. (SH +4) [potion of mutation]
 78640 | Depths:1 | Lost mutation: You have very sharp teeth. [potion of
                  | mutation]
 78640 | Depths:1 | Lost mutation: You are partially covered in large bone
                  | plates. (SH +4) [potion of mutation]
 78640 | Depths:1 | Lost mutation: You are agile. (Dex +4, Str/Int -1) [potion
                  | of mutation]
 78640 | Depths:1 | Gained mutation: You are frail. (-10% HP) [potion of
                  | mutation]
 78640 | Depths:1 | Gained mutation: Your spells are a little harder to cast,
                  | but a little more powerful. [potion of mutation]
 78641 | Depths:1 | Lost mutation: You are frail. (-10% HP) [potion of
                  | mutation]
 78641 | Depths:1 | Lost mutation: Your spells are a little harder to cast, but
                  | a little more powerful. [potion of mutation]
 78641 | Depths:1 | Lost mutation: Armour fits poorly on your strangely shaped
                  | body. [potion of mutation]
 78641 | Depths:1 | Gained mutation: You have large cloven feet. [potion of
                  | mutation]
 78850 | Depths:2 | You fall into a shaft and drop 2 floors!
 78850 | Depths:4 | Entered Level 4 of the Depths
 79889 | Depths:3 | Found a one-way gate to the infinite horrors of the Abyss.
 80317 | Depths:2 | Identified the +1 chain mail of the Past {Harm rPois
                  | Stlth+}
 80713 | Depths:2 | Received a gift from Okawaru
 80733 | Depths:2 | Found Big Baal Hell's Store.
 81075 | Depths:2 | Found a one-way gate leading to the halls of Pandemonium.
 81646 | Depths:2 | Paralysed by a floating eye for 3 turns
 81651 | Depths:2 | Reached XP level 25. HP: 100/247 MP: 1/22
 81799 | Depths:2 | Received a gift from Okawaru
 81873 | Depths:2 | Identified the staff of fire "Huewka Omau" {rElec rF+
                  | Dex+3}
 81975 | Depths:2 | Identified the staff of cold "Pyuwk" {rF+ rC+ Will+ Str+2
                  | Stlth+}
 82241 | Depths:2 | Received a gift from Okawaru
 82513 | Depths:2 | Identified the staff of death "Jevvobla" {rElec rN+}
 83378 | Depths:3 | Found a runed translucent door.
 83381 | Depths:3 | Noticed ohados's ghost (veteran DjCj)
 83877 | Depths:4 | Found Iluemi's General Store.
 83890 | Depths:4 | Bought 3 scrolls of teleportation for 207 gold pieces
 83890 | Depths:4 | Bought a potion of berserk rage for 115 gold pieces
 83986 | Depths:4 | Found a one-way gateway to a ziggurat.
 83987 | Depths:4 | Noticed Boris
 84009 | Depths:4 | Killed Boris
 84549 | Depths:4 | Found a gate to the Realm of Zot.
 85088 | Depths:2 | Received a gift from Okawaru
 85450 | Slime:1  | Entered Level 1 of the Pits of Slime
 85560 | Slime:3  | Gained mutation: Your magical capacity is low. (-10% MP) [a
                  | shining eye]
 85719 | Slime:4  | Noticed Dissolution
 85729 | Slime:4  | Killed Dissolution
 85875 | Slime:5  | Entered Level 5 of the Pits of Slime
 85898 | Slime:5  | Noticed the Royal Jelly
 85923 | Slime:5  | Killed the Royal Jelly
 86128 | Slime:5  | Identified the +1 pair of boots "Beiteaf" {Fly} (Okawaru
                  | gifted it to you on level 5 of the Pits of Slime)
 86128 | Slime:5  | Received a gift from Okawaru
 86163 | Slime:5  | Got the Monograph on Sinister Impulse
 86165 | Slime:5  | Identified the +1 halberd "Otaekira" {pain, rElec rPois rC-
                  | Will++}
 86196 | Slime:5  | Got a slimy rune of Zot
 86275 | Slime:5  | Identified the +4 dagger "Qirchohu" {spect, rElec Int+2
                  | Dex+5 SInv}
 86276 | Slime:5  | Identified the +3 leather armour of Immorality {rF- Str+5
                  | Int+2}
 86277 | Slime:5  | Identified the staff of earth "Wurukk" {Dex+5}
 86836 | Zig:1    | Entered Level 1 of a ziggurat
 86850 | Zig:2    | Entered Level 2 of a ziggurat
 86850 | Zig:2    | Noticed a dread lich
 86855 | Zig:2    | Killed a dread lich
 86995 | Zig:3    | Entered Level 3 of a ziggurat
 87029 | Zig:4    | Entered Level 4 of a ziggurat
 87164 | Zig:5    | Entered Level 5 of a ziggurat
 87171 | Zig:5    | Reached XP level 26. HP: 207/258 MP: 1/19
 87195 | Zig:6    | Entered Level 6 of a ziggurat
 87367 | Zig:7    | Entered Level 7 of a ziggurat
 87379 | Zig:7    | Lost intelligence.
 87616 | Zig:8    | Entered Level 8 of a ziggurat
 87824 | Zig:9    | Entered Level 9 of a ziggurat
 87835 | Zig:9    | Noticed a juggernaut
 87853 | Zig:9    | Killed a juggernaut
 87862 | Zig:9    | Got Neuwaurph's Precepts of Airy Formation
 87880 | Zig:9    | Identified the +2 hand axe "Geovoi" {elec, +Blink SInv
                  | Stlth+}
 87887 | Zig:9    | Identified the ring of Labi Lerr {Slay+2 SInv}
 88045 | Zig:10   | Entered Level 10 of a ziggurat
 88189 | Zig:11   | Entered Level 11 of a ziggurat
 88205 | Zig:11   | HP: 3/259 [Hell Sentinel (13)]
 88217 | Zig:11   | HP: 6/260 [iron golem (25)]
 88226 | Zig:11   | Identified the +4 war axe of Propriety {speed, rF+ rN+}
                  | (Okawaru gifted it to you on level 11 of a ziggurat)
 88226 | Zig:11   | Received a gift from Okawaru
 88364 | Zig:11   | Identified the +7 short sword "Judeujy" {flame, rF- Will++
                  | Str+3 Dex+3}
 88367 | Zig:11   | Identified the ring "Cage Lehe" {rPois rN+ Int+3 Slay+2
                  | Stlth-}
 88379 | Zig:11   | Identified the ring of Cunafuti {Fly rElec Will+ Dex+6}
 88392 | Zig:11   | Identified the staff of death "Kusumom" {rN+ Will+}
 88397 | Zig:12   | Entered Level 12 of a ziggurat
 88408 | Zig:12   | Noticed a royal mummy
 88408 | Zig:12   | Noticed a royal mummy
 88408 | Zig:12   | Noticed a royal mummy
 88437 | Zig:12   | Killed a royal mummy
 88441 | Zig:12   | Reached XP level 27. HP: 74/269 MP: 2/19
 88444 | Zig:12   | Identified the ring "Fadotet" {rN+ Int+3}
 88448 | Zig:12   | Identified the +11 long sword "Yngun" {heavy, rF+}
 88450 | Zig:12   | Identified the amulet "Quogysop" {Acrobat rC+}
 88462 | Zig:12   | Killed a royal mummy
 88462 | Zig:12   | Killed a royal mummy
 88462 | Zig:12   | Lost intelligence.
 88794 | Zot:1    | Entered Level 1 of the Realm of Zot
 88914 | Zot:1    | Noticed an orb of fire
 88916 | Zot:1    | Noticed an orb of fire
 88916 | Zot:1    | Identified the ring of Turhamm {rF+ rC- rCorr Dex+4 SInv}
 88917 | Zot:1    | Noticed an ancient lich
 89428 | Zot:1    | Identified the +6 halberd of Termination {flame, *Rage
                  | Will+ Str+3 Int+4}
 89675 | Zot:1    | Lost mutation: Your magical capacity is low. (-10% MP)
                  | [potion of mutation]
 89675 | Zot:1    | Lost mutation: You have large cloven feet. [potion of
                  | mutation]
 89675 | Zot:1    | Gained mutation: You are robust. (+10% HP) [potion of
                  | mutation]
 89675 | Zot:1    | Gained mutation: You are partially covered in iridescent
                  | scales. (AC +2) [potion of mutation]
 89675 | Zot:1    | Gained mutation: You have large cloven feet. [potion of
                  | mutation]
 89911 | Zot:1    | Received a gift from Okawaru
 90161 | Zot:1    | Found a transporter.
 90705 | Zot:1    | Found a transporter.
 92595 | Zot:2    | Identified the +0 tower shield "Miymea" {rC- Str+3 Stlth+}
                  | (Okawaru gifted it to you on level 2 of the Realm of Zot)
 92595 | Zot:2    | Received a gift from Okawaru
 93218 | Depths:3 | Voluntarily entered the Abyss.
 93261 | Abyss:3  | Paralysed by accursed screaming for 1 turns
 93269 | Abyss:3  | Found a corrupted altar of Lugonu.
 93275 | Abyss:3  | Found a corrupted altar of Lugonu.
 93279 | Abyss:3  | Got an abyssal rune of Zot
 93298 | Depths:3 | Escaped the Abyss
 93442 | Depths:3 | Killed ohados's ghost
 93564 | Depths:3 | Identified the +10 battleaxe of Cowardice {venom, rC+ Will-
                  | Dex+3}
 94002 | Zot:3    | Reached skill level 27 in Fighting
 94350 | Zot:3    | Reached skill level 27 in Axes
 95915 | Zot:4    | Reached skill level 27 in Shields
 95936 | Zot:4    | Reached skill level 27 in Armour
 96523 | Zot:4    | Identified the +0 pair of boots "Weboaw" {Fly} (Okawaru
                  | gifted it to you on level 4 of the Realm of Zot)
 96523 | Zot:4    | Received a gift from Okawaru
 97913 | Zot:5    | Entered Level 5 of the Realm of Zot
 98582 | Zot:5    | Noticed an orb of fire
 98584 | Zot:5    | Lost mutation: You are robust. (+10% HP) [an orb of fire]
 98586 | Zot:5    | Gained mutation: You occasionally lose the ability to read
                  | scrolls when taking damage. [an orb of fire]
 98587 | Zot:5    | Killed an orb of fire
 98923 | Zot:5    | Noticed a dread lich
 98927 | Zot:5    | Killed a dread lich
 98931 | Zot:5    | Noticed an orb of fire
 98936 | Zot:5    | Noticed an ancient lich
 98938 | Zot:5    | Noticed an orb of fire
 98939 | Zot:5    | Noticed an ancient lich
 98939 | Zot:5    | Noticed a dread lich
 98944 | Zot:5    | Noticed an orb of fire
 98945 | Zot:5    | Noticed a dread lich
 98948 | Zot:5    | Killed an orb of fire
 98949 | Zot:5    | Reached skill level 27 in Dodging
 98949 | Zot:5    | Reached skill level 1 in Spellcasting
 98949 | Zot:5    | Noticed an ancient lich
 99117 | Zot:5    | Killed an ancient lich
 99120 | Zot:5    | Gained mutation: Armour fits poorly on your strangely
                  | shaped body. [an orb of fire]
 99123 | Zot:5    | Gained mutation: You sometimes lose the ability to read
                  | scrolls when taking damage. [an orb of fire]
 99124 | Zot:5    | Killed an ancient lich
 99125 | Zot:5    | Gained mutation: Your magical capacity is low. (-10% MP)
                  | [an orb of fire]
 99131 | Zot:5    | Killed an orb of fire
 99134 | Zot:5    | Killed an orb of fire
 99142 | Zot:5    | Killed a dread lich
 99145 | Zot:5    | Killed a dread lich
 99145 | Zot:5    | Identified the +5 scale mail of Undesirable Species {rPois
                  | Int+2 Dex-5} (Okawaru gifted it to you on level 5 of the
                  | Realm of Zot)
 99145 | Zot:5    | Received a gift from Okawaru
 99150 | Zot:5    | Reached skill level 5 in Spellcasting
 99312 | Zot:5    | Noticed a dread lich
 99315 | Zot:5    | Noticed a dread lich
 99328 | Zot:5    | Killed a dread lich
 99333 | Zot:5    | Killed a dread lich
 99344 | Zot:5    | Killed an ancient lich
 99638 | Zot:5    | Noticed a dread lich
 99657 | Zot:5    | Killed a dread lich
 99960 | Zot:5    | Noticed a dread lich
 99972 | Zot:5    | HP: 1/409 [red draconian scorcher/damnation[a green
                  | draconian monk] (34)]
 99973 | Zot:5    | Mangled by a dread lich

Illustrated notes

Levels and vault maps discovered:
D:1:      lightli_arrival_boilingwater, layout_basic,
          shapermc_ecumenical_altar_pompeii, nicolae_kite_square_tiling_tiny
D:2:      layout_basic
D:3:      layout_basic, uniq_crazy_yiuf_cottage
D:4:      layout_basic, mainiacjoe_overflow_small_starburst,
          ebering_ghost_sewer_d, uniq_edmund, uniq_blork_the_orc, uniq_menkaure,
          uniq_duvessa
D:5:      layout_loops_ring, lemuel_doored_altar, minmay_temple_entry_tees
D:6:      layout_cave_pools, kennysheep_little_box,
          minmay_overflow_temple_star_hex
D:7:      layout_loops_cross, kennysheep_mini_moat, enter_ossuary_5,
          gammafunk_ghost_abyssal_escape
D:8:      layout_loops_cross, kennysheep_slug_shrine, uniq_grum
D:9:      layout_basic, lair_entry_dummy, serial_shops,
          nicolae_shop_just_a_little_nook, nicolae_shop_hallway_plus,
          shop_fountains, enter_bailey_5, uniq_prince_ribbit1, uniq_harold
D:10:     cheibrodos_shockbox, layout_basic, fedhas_altar_2
D:11:     layout_basic, chequers_serial_rivers_micro_a,
          trog_three_pillars_becter
D:12:     layout_loops_ring, orc_0_dummy, nicolae_elyvilon_temple_path,
          uniq_kirke
D:13:     layout_cross, skrybe_vaults_entry_preservation, uniq_frances
D:14:     layout_roguey, hangedman_abyss_or_decor_lesser_grid, serial_shops,
          shop, special_room [special_room_orc], minivault_5,
          hangedman_decor_opposing, lemuel_zombie_altar_yredelemnul,
          uniq_rupert, uniq_louise
D:15:     grunt_enter_depths_hoard, layout_loops_corners,
          nicolae_ashenzari_panopticon, minmay_shop_grid_forest, jiyva_altar_1,
          uniq_nessos
Temple:   nicolae_temple_bog_church
Lair:1:   layout_gridlike, grunt_megastairs_1
Lair:2:   layout_cellular_growth, minmay_swamp_entry_swarm,
          nicolae_spider_entry_non_spiders, infiniplex_staircase_pool,
          uniq_maggie
Lair:3:   layout_cave_pods, lemuel_fruit_fields
Lair:4:   layout_loops_ring, minmay_slime_entry_oklob_enclosed, wad_woods_06,
          chequers_serial_rivers_large_b, minmay_shattered_shrine,
          grunt_megastairs_5, serial_bayou_shore_b
Lair:5:   evil_forest, layout_loops_ring, bh_autumn_forest_stairs,
          serial_bayou_lake_a
Swamp:1:  layout_basic_swamp, evilmike_swamp_ruin_rubble_2, swamp_pool4,
          st_shrine_of_shade
Swamp:2:  layout_falls_marsh, nicolae_swamp_bean_lake
Swamp:3:  layout_basic_swamp, serial_swamp_ruin, evilmike_swamp_ruin_house_4,
          evilmike_swamp_ruin_house_2, evilmike_swamp_ruin_house_5
Swamp:4:  swamp_fiery, layout_basic_swamp, uniq_bai_suzhen
Spider:1: layout_spider_delve, uniq_azrael
Spider:2: layout_spider_delve, guppyfry_spider_mini_3, uniq_aizul
Spider:3: layout_spider_delve, drop_trap, uniq_arachne, uniq_jorgrun
Spider:4: hellmonk_spider_rune_bug_friends
Slime:1:  layout_caves
Slime:2:  cheibrodos_slime_lost_civilization_8, layout_caves
Slime:3:  layout_caves
Slime:4:  layout_caves, dissolution_awaits
Slime:5
Orc:1:    layout_caves, ebering_ghost_xom, basic_altar, uniq_josephine
Orc:2:    hellmonk_orc_salted, layout_diamond_mine, gauntlet_entry_generic,
          nicolae_orc_crystal_geode
Elf:1:    layout_geoelf_octagon, minmay_elf_demonology, hex_tiny,
          minmay_shop_enchanted_jewellery
Elf:2:    nicolae_elf_blades_crystal_corner, layout_gridlike, serial_shops,
          nicolae_shop_trees, guppyfry_library_mini
Elf:3:    minmay_elf_hall, layout_geoelf_octagon, gammafunk_ghost_split,
          nicolae_trove_entry_crossroad, uniq_asterion
Vaults:1: vaults_dpeg_diagonal, nicolae_vaults_offset_grid_hallway_1,
          v_alt_pattern_3, hangedman_vaults_impose,
          nicolae_vaults_little_squares_6, nicolae_vaults_more_shelving_2,
          ontoclasm_vaults_shuriken, hangedman_vaults_pinch,
          nicolae_vaults_offset_grid_hallway_1, hangedman_vaults_variations,
          v_alt_pattern_2, v_alt_pattern_2, vaults_dpeg_ring,
          layout_vaults_ring, uniq_saint_roka
Vaults:2: vaults_room_boxed, v_misc_32, nicolae_vaults_border_crossing,
          nicolae_vaults_double_plus_1, v_pattern_5,
          vaults_room_grunt_arrival_ludios, nicolae_vaults_closet_pinwheel_1,
          nicolae_vaults_diagonal_hallway_9, vaults_room_pools,
          ontoclasm_vaults_gateway, layout_vaults_omnigrid
Vaults:3: nicolae_vaults_weapon_check, minmay_crypt_entry_simple_box,
          nicolae_vaults_double_plus_3, nicolae_vaults_whirlpool_walls,
          nicolae_vaults_closet_pinwheel_6, v_misc_2, vaults_room_large_hall,
          nicolae_vaults_trapezoid_lopsided_2, nicolae_vaults_big_ls,
          nicolae_vaults_little_squares_3, nicolae_vaults_arrows,
          nicolae_vaults_ring_of_whatevers, nicolae_vaults_lightning_bolt,
          nicolae_vaults_tetromino_T_1, layout_vaults_omnicross, serial_shops,
          shop, nicolae_shop_tiny_real_fake_doors, nicolae_shop_tiny_waterfront,
          shop
Vaults:4: nicolae_vaults_security_offices_3, vaults_room_door_hall,
          grunt_vaults_twisty, hangedman_vaults_hat, vaults_room_large_hall,
          nicolae_vaults_variable_pillar_hall, nicolae_vaults_mini_display_case,
          ontoclasm_vaults_chip, nicolae_vaults_trapezoid_lopsided_1,
          layout_vaults_omnibox, serial_shops, nicolae_book_shop_shelving,
          uniq_margery
Vaults:5
Crypt:1:  layout_rooms
Crypt:2:  layout_misc_corridors, st_stairs_9, serial_sigils_hangedman_shear,
          nicolae_crypt_cryptocurrency, uniq_donald
Crypt:3:  church_of_pain_bobbens, layout_chaotic_city,
          nicolae_tomb_entry_rubble_hallway, corner_web_ring, st_stairs_1
Depths:1: kennysheep_oblong_rooms, layout_basic, minivault_14, hell_entry,
          grunt_decor_resistance, nicolae_ru_great_annihilating_truth
Depths:2: minmay_the_grid_square_5x5_5x5_mashed
          [minmay_the_grid_square_5x5_inner_z, minmay_the_grid_square_5x5_empty,
          minmay_the_grid_square_5x5_shrine2,
          minmay_the_grid_square_5x5_tri_point,
          minmay_the_grid_square_5x5_corner,
          minmay_the_grid_square_5x5_gyroscope,
          minmay_the_grid_square_5x5_prize_gold,
          minmay_the_grid_square_5x5_hourglass,
          minmay_the_grid_square_5x5_prize_pseudospiral,
          minmay_the_grid_square_5x5_two_walls_a,
          minmay_the_grid_square_5x5_comb, minmay_the_grid_square_5x5_bracketed,
          minmay_the_grid_square_5x5_prize_waves,
          minmay_the_grid_square_5x5_six, minmay_the_grid_square_5x5_trominoes,
          minmay_the_grid_square_5x5_almost_minimal,
          minmay_the_grid_square_5x5_prize_monsterx,
          minmay_the_grid_square_5x5_three_small,
          minmay_the_grid_square_5x5_prize_itemx,
          minmay_the_grid_square_5x5_mess, minmay_the_grid_square_5x5_dogpile,
          minmay_the_grid_square_5x5_tetrominoes,
          minmay_the_grid_square_5x5_meh, minmay_the_grid_square_5x5_longway,
          minmay_the_grid_square_5x5_seven], layout_honeycomb,
          nicolae_hell_entry_big_baal_hell, grunt_pan_entry_sceptre,
          nicolae_figureground_sparkle, minmay_staircase_windowed_large
Depths:3: dpeg_oklob_shooting_range, layout_cave_pools, grunt_hell_horde,
          ebering_ghost_reflecting_pool, abyss_entry, firewood_loft,
          grunt_megastairs_3, infiniplex_staircase_x
Depths:4: grunt_zot_entry_gee_three, layout_gridlike, enter_ziggurat_e,
          serial_shops, shop, pf_hell_entry_tar_spiral, uniq_boris
Zot:1:    gammafunk_the_bubble [the_bubble_gammafunk_plus_minus],
          layout_cathedral_of_symmetry, grunt_megastairs_2, uniq_josephina
Zot:2:    lemuel_acid_trip, layout_onion_interference
Zot:3:    minmay_elemental_castle, layout_misc_corridors, bh_zot_ikea_curve,
          uniq_grunn
Zot:4:    layout_gridlike, st_stairs_13, bh_zot_levy_curve, grunt_megastairs_4
Zot:5:    layout_twisted_circle, st_stairs_1, drop_trap

Skill      XL: |  1  2  3  4  5  6  7  8  9 10 11 12 13 14 15 16 17 18 19 20 21 22 23 24 25 26 27 |
---------------+----------------------------------------------------------------------------------+-----
Dodging        | 1 2 3 4 5 6 8 9 10 12 13 14 15 16 17 18 19 20 21 22 23 27 | 27.0
Fighting       | 4 5 6 7 8 9 11 12 13 14 15 16 17 18 19 20 21 22 23 24 25 26 27 | 27.0
Armour         | 4 5 6 7 8 9 11 12 13 14 15 16 17 18 19 20 21 22 23 24 25 27 | 27.0
Shields        | 4 5 6 7 8 9 11 12 13 15 16 17 18 19 20 21 22 23 24 25 27 | 27.0
Axes           | 3 5 6 8 9 10 12 13 14 16 17 18 19 20 21 22 23 24 25 26 27 | 27.0
Spellcasting   | 8 |  8.3

Action                     |  1- 3 |  4- 6 |  7- 9 | 10-12 | 13-15 | 16-18 | 19-21 | 22-24 | 25-27 || total
---------------------------+-------+-------+-------+-------+-------+-------+-------+-------+-------++-------
  Melee: War axe           |    75 |    87 |   262 |   309 |       |       |       |       |       ||   733
         Headbutt          |    13 |    14 |    60 |    96 |   132 |   237 |   259 |   348 |   449 ||  1608
         Bite              |       |       |     7 |    54 |    74 |   140 |   138 |   171 |       ||   584
         Broad axe         |       |       |       |   120 |   607 |   977 |   973 |  1263 |  1368 ||  5308
         Unarmed           |       |       |       |    25 |       |       |       |       |       ||    25
 Invoke: Heroism           |       |       |       |       |     1 |     3 |     1 |     1 |     4 ||    10
  Evoke: Wand              |       |       |       |    10 |       |       |     2 |       |    11 ||    23
         Condenser vane    |       |       |       |       |       |       |       |     1 |     2 ||     3
    Use: Scroll            |       |    12 |    10 |     7 |     4 |     3 |    12 |     9 |    21 ||    78
         Potion            |       |       |     1 |     3 |     3 |    10 |     4 |     8 |    57 ||    86
   Stab: Invisible         |       |       |       |     2 |     4 |    25 |       |     2 |     4 ||    37
         Petrified         |       |       |       |       |     1 |       |       |       |       ||     1
         Distracted        |       |       |       |       |       |       |       |     1 |       ||     1
         Confused          |       |       |       |       |       |       |       |       |     4 ||     4
 Armour: Scale mail        |    33 |    22 |    25 |       |       |       |       |       |       ||    80
         Chain mail        |       |       |    26 |   153 |   174 |   239 |   220 |   182 |   194 ||  1188
         Plate armour      |       |       |       |       |       |       |       |       |    49 ||    49
         Crystal plate arm |       |       |       |       |       |       |       |       |   168 ||   168
  Dodge: Dodged            |    29 |    46 |   173 |   365 |   538 |   668 |   610 |   492 |  1029 ||  3950
  Block: Buckler           |    17 |    34 |   133 |   230 |   344 |   627 |   702 |   715 |  1063 ||  3865
         Reflection        |       |       |     5 |    34 |    20 |    45 |   109 |    75 |    93 ||   381

Table legend: (Time is in decaauts)
 A = Elapsed time spent in this place.
 B = Non-inter-level travel time spent in this place.
 C = Inter-level travel time spent in this place.
 D = Time resting spent in this place.
 E = Time spent auto-exploring this place.
 F = Levels seen in this place.
 G = Mean time per level.
                   A        B        C        D        E       F      G
               +--------+--------+--------+--------+--------+-----+--------+
         Total |  99961 |  95656 |   4305 |   4599 |  78102 |  73 | 1369.3 |
       Dungeon |  16902 |  15567 |   1335 |    146 |  12988 |  15 | 1126.8 |
        Temple |     58 |     35 |     23 |      0 |     12 |   1 |   58.0 |
          Lair |  10107 |   9441 |    666 |    280 |   8305 |   5 | 2021.4 |
         Swamp |   7380 |   7189 |    191 |    244 |   6263 |   4 | 1845.0 |
   Spider Nest |   6107 |   5928 |    179 |    307 |   4944 |   4 | 1526.8 |
    Slime Pits |    980 |    919 |     61 |    507 |      0 |   5 |  196.0 |
  Orcish Mines |   2784 |   2480 |    304 |      0 |   1973 |   2 | 1392.0 |
   Elven Halls |   6748 |   6577 |    171 |      5 |   5585 |   3 | 2249.3 |
        Vaults |  16859 |  16468 |    391 |    409 |  14462 |   5 | 3371.8 |
         Crypt |   8592 |   8480 |    112 |      3 |   7800 |   3 | 2864.0 |
        Depths |   8784 |   8321 |    463 |    388 |   6788 |   4 | 2196.0 |
           Zot |  10647 |  10243 |    404 |    767 |   7921 |   5 | 2129.4 |
         Abyss |    230 |    230 |      0 |      7 |     94 |   2 |  115.0 |
      Ziggurat |   2319 |   2319 |      0 |   1533 |     39 |  12 |  193.2 |
       Ossuary |    157 |    157 |      0 |      0 |     62 |   1 |  157.0 |
        Bailey |    545 |    545 |      0 |      2 |    358 |   1 |  545.0 |
      Gauntlet |    755 |    755 |      0 |      0 |    505 |   1 |  755.0 |
               +--------+--------+--------+--------+--------+-----+--------+

Top non-repeatable levels by time:
 Crypt:3: 5148 daAuts
Vaults:3: 3813 daAuts
Vaults:5: 3510 daAuts
Vaults:2: 3324 daAuts
Vaults:4: 3171 daAuts
Vaults:1: 3038 daAuts
Depths:2: 3014 daAuts
   Elf:3: 2784 daAuts
  Lair:4: 2725 daAuts
   Zot:1: 2474 daAuts
  Lair:5: 2438 daAuts
Depths:4: 2401 daAuts
 Swamp:4: 2335 daAuts
   Zot:3: 2242 daAuts
   Zot:2: 2162 daAuts
